 Dungeon Crawl Stone Soup version 0.17.1-3-g152610e (webtiles) character file.

5174 pipel the Grappler (level 10, -18/135 HPs)
             Began as a Troll Berserker on Mar 21, 2016.
             Was a High Priest of Trog.
             Demolished by Urug
             ... wielding a +1 halberd of chopping
              (22 damage)
             ... on level 1 of the Orcish Mines.
             The game lasted 00:26:10 (2186 turns).

pipel the Grappler (Troll Berserker)                Turns: 2186, Time: 00:26:11

Health: -18/135    AC: 10    Str: 35    XL:     10   Next: 34%
Magic:  9/9        EV: 12    Int:  3    God:    Trog [*****.]
Gold:   167        SH:  0    Dex:  9    Spells: 0 memorised, 9 levels left

rFire  + . .     SeeInvis .       - Unarmed
rCold  . . .     Clarity  .     t - +2 robe {MR+}
rNeg   + . .     SustAt   .     (no shield)
rPois  .         Gourm    +     (helmet restricted)
rElec  .         Spirit   .     p - +1 cloak
rCorr  .         Warding  .     (gloves unavailable)
rMut   .         Stasis   .     (boots unavailable)
MR     +....                    (no amulet)
Stlth  ..........               (no ring)
                                j - ring of positive energy

@: berserking, very quick, somewhat resistant to hostile enchantments, extremely
unstealthy
A: unfitting armour, antennae 1, claws 3, thin metallic scales 1, deformed body,
fire resistance 1, fast metabolism 3, frail 1, gourmand, regeneration 2, shaggy
fur 1, tough skin 2
a: Berserk, Trog's Hand, Brothers in Arms, Burn Spellbooks, Renounce Religion


You were on level 1 of the Orcish Mines.
You worshipped Trog.
Trog was extremely pleased with you.
You were very full.

You visited 2 branches of the dungeon, and saw 10 of its levels.
You also visited: Bailey.

You collected 167 gold pieces.

Inventory:

Hand Weapons
 y - a +0 blowgun
Missiles
 e - 21 stones (quivered)
 h - 2 tomahawks
 o - 5 needles of paralysis
 r - 21 poisoned needles
 B - 15 steel tomahawks
Armour
 p - a +1 cloak (worn)
 s - a +0 animal skin
 t - a +2 robe of magic resistance (worn)
Rods
 a - a +1 rod of inaccuracy (10/10)
   (You found it on level 8 of the Dungeon)
Jewellery
 j - a ring of positive energy (left claw)
Wands
 v - a wand of magic darts (23)
Scrolls
 d - 2 scrolls of recharging
 f - 2 scrolls of identify
 i - 2 scrolls of remove curse
 k - 2 scrolls of amnesia
 m - 3 scrolls of enchant weapon
 x - 2 scrolls of blinking
Potions
 g - a potion of might
 l - 2 potions of heal wounds
 n - a potion of degeneration
 z - a potion of magic
 A - a potion of resistance
Books
 c - a book of the Earth

   Spells                             Type                      Level
   a - Leda's Liquefaction            Hexes/Earth                  4
   b - Bolt of Magma                  Conjuration/Fire/Earth       5
   c - Statue Form                    Transmutation/Earth          6
   d - Iron Shot                      Conjuration/Earth            6
   e - Shatter                        Earth                        9
   Trog disapproves of the use of such an item.
Comestibles
 b - 3 bread rations
 q - a beef jerky
 u - 24 fruits


   Skills:
 + Level 6.8 Fighting
 + Level 4.4 Throwing
 + Level 7.7 Dodging
 - Level 0.8 Stealth
 + Level 9.2 Unarmed Combat
 - Level 0.3 Evocations


You had 9 spell levels left.
You didn't know any spells.

Dungeon Overview and Level Annotations

Branches:
Dungeon (10/15)               Orc (1/4) D:10
 Temple: D:4-7         Lair: D:8-11

Altars:
Cheibriados
Dithmenos
Elyvilon
Nemelex Xobeh

Annotations:
Orc:1 Urug


Innate Abilities, Weirdness & Mutations

You are too large for most types of armour.
You have claws for hands.
Your metabolism is lightning-fast.
You like to eat raw meat.
You heal very quickly.
You are covered in fur (AC +1).
You have very tough skin (AC +2).
You have a pair of small antennae on your head.
You are partially covered in thin metallic scales (AC +2).
Armour fits poorly on your strangely shaped body.
Your flesh is heat resistant.
You are frail (-10% HP).


Message History

You closely miss Urug.
Urug is heavily wounded.
You barely miss Urug.
Urug is heavily wounded.
Urug hits you with a halberd of chopping!!
* * * LOW HITPOINT WARNING * * *
* * * LOW HITPOINT WARNING * * *
You miss Urug.
Urug is heavily wounded.
You mangle Urug!!
Urug is severely wounded.
Urug hits you with a halberd of chopping!
* * * LOW HITPOINT WARNING * * *
* * * LOW HITPOINT WARNING * * *
You scratch Urug.
Urug is severely wounded.
You barely miss Urug.
Urug is severely wounded.
Urug hits you with a halberd of chopping!!
You die...

.)).....##.....## #...##
.....#.##.......##.....#.
.................#$......
........<..#.(..#........
....†)[.....#............
....)...##.....(.........
....))#.........(........
..>..)..............>....
................@.$......
.......#.........o.......
.....)..#.............#..
.................#.......
........................#
.........#.#...#....#...#
........#...#.......##.##
.#...###.#......#.... ##
#..## ##..##.##


You could see Urug.

Vanquished Creatures
  An orc knight (D:8)
  Psyche (D:8)
  A two-headed ogre (D:8)
  A deep elf mage (D:10)
  A warg (Orc:1)
  A mottled dragon (D:7)
  2 ice beasts (D:8)
  A phantom (D:4)
  2 ogres (D:5)
  2 sky beasts
  9 orc warriors
  A black bear (D:7)
  3 centaurs
  A crocodile (D:10)
  14 big kobolds
  2 giant frogs
  3 killer bees (D:10)
  2 scorpions
  2 crimson imps
  A wasp zombie (D:8)
  2 orc priests
  3 hounds
  A jelly (D:7)
  A centaur skeleton (D:8)
  5 orc wizards
  2 worker ants
  3 adders
  9 gnolls (Bailey)
  An adder zombie (D:5)
  A worm (D:5)
  A giant gecko (D:7)
  37 orcs
  11 hobgoblins (Bailey)
  5 jackals
  A quokka (D:8)
  A ball python (D:8)
  3 bats (D:10)
  A giant newt (D:4)
  17 goblins
  13 kobolds
  5 rats (D:10)
174 creatures vanquished.

Vanquished Creatures (collateral kills)
  A hobgoblin (Bailey)
1 creature vanquished.

Vanquished Creatures (others)
  A rat (D:10)
1 creature vanquished.

Grand Total: 176 creatures vanquished

Notes
Turn   | Place    | Note
--------------------------------------------------------------
     0 | D:1      | pipel the Troll Berserker began the quest for the Orb.
     0 | D:1      | Reached XP level 1. HP: 22/22 MP: 0/0
   112 | D:2      | You fall through a shaft for 2 floors!
   112 | D:4      | Noticed a phantom
   133 | D:4      | Killed a phantom
   133 | D:4      | Reached XP level 2. HP: 13/31 MP: 1/1
   133 | D:4      | Reached XP level 3. HP: 15/37 MP: 2/2
   133 | D:4      | Reached XP level 4. HP: 18/45 MP: 3/3
   177 | D:4      | Reached skill level 4 in Unarmed Combat
   192 | D:5      | Entered Level 5 of the Dungeon
   239 | D:5      | Noticed an ogre
   244 | D:5      | Killed an ogre
   244 | D:5      | Reached XP level 5. HP: 53/53 MP: 4/4
   277 | D:5      | Found a sparkling altar of Nemelex Xobeh.
   409 | D:6      | Noticed an ogre
   418 | D:5      | Killed an ogre
   418 | D:5      | Reached skill level 5 in Unarmed Combat
   418 | D:5      | Reached XP level 6. HP: 52/62 MP: 5/5
   621 | D:7      | Reached skill level 1 in Throwing
   683 | D:7      | Reached ** piety under Trog
   683 | D:7      | Reached XP level 7. HP: 67/70 MP: 6/6
   729 | D:7      | Noticed a mottled dragon
   742 | D:7      | Killed a mottled dragon
   742 | D:7      | Reached skill level 6 in Unarmed Combat
   787 | D:7      | Found a shadowy altar of Dithmenos.
   853 | D:8      | Identified a +0 rod of inaccuracy (9/9) (You found it on level 8 of the Dungeon)
   861 | D:8      | Noticed Psyche
   882 | D:8      | Killed Psyche
   882 | D:8      | Reached skill level 5 in Fighting
   882 | D:8      | Reached skill level 5 in Dodging
   882 | D:8      | Reached XP level 8. HP: 63/80 MP: 7/7
  1023 | D:8      | Found a flagged portal.
  1040 | Bailey   | Entered a bailey
  1092 | Bailey   | Reached *** piety under Trog
  1239 | Bailey   | Reached skill level 7 in Unarmed Combat
  1360 | Bailey   | Reached **** piety under Trog
  1420 | Bailey   | Reached XP level 9. HP: 43/88 MP: 8/8
  1535 | Bailey   | Noticed an orc knight
  1540 | Bailey   | Noticed an orc warlord
  1641 | D:8      | Killed an orc knight
  1649 | D:8      | Reached skill level 8 in Unarmed Combat
  1656 | D:8      | Gained mutation: You have a pair of small antennae on your head. [mutagenic meat]
  1657 | D:8      | Gained mutation: Armour fits poorly on your strangely shaped body. [mutagenic meat]
  1658 | D:8      | Gained mutation: You are frail (-10% HP). [mutagenic meat]
  1659 | D:8      | Gained mutation: Your flesh is heat resistant. [mutagenic meat]
  1660 | D:8      | Gained mutation: You are partially covered in thin metallic scales (AC +2). [mutagenic meat]
  1683 | D:8      | Noticed a two-headed ogre
  1688 | D:8      | Found a white marble altar of Elyvilon.
  1703 | D:8      | Killed a two-headed ogre
  1832 | D:9      | Received a gift from Trog
  1835 | D:9      | Reached XP level 10. HP: 66/90 MP: 9/9
  1920 | D:9      | Found a snail-covered altar of Cheibriados.
  1932 | D:10     | Entered Level 10 of the Dungeon
  1958 | D:10     | Received a gift from Trog
  2038 | D:10     | Found a staircase to the Orcish Mines.
  2046 | D:10     | Reached skill level 9 in Unarmed Combat
  2073 | D:9      | Reached ***** piety under Trog
  2082 | Orc:1    | Entered Level 1 of the Orcish Mines
  2112 | Orc:1    | Received a gift from Trog
  2171 | Orc:1    | Noticed Urug
  2184 | Orc:1    | HP: 5/135 [Urug/halberd of chopping (15)]
  2186 | Orc:1    | Demolished by Urug

Action                   |  1- 3 |  4- 6 |  7- 9 | 10-12 || total
-------------------------+-------+-------+-------+-------++-------
Melee: Unarmed           |    11 |    86 |   299 |   137 ||   533
Throw: Stone             |     4 |     4 |       |       ||     8
       Tomahawk          |       |       |    39 |       ||    39
Invok: Berserk           |       |     5 |     7 |     3 ||    15
       Brothers in Arms  |       |       |     1 |       ||     1
Evoke: Rod               |       |       |     6 |       ||     6
  Use: Potion            |       |       |     2 |     2 ||     4
       Scroll            |       |       |    10 |       ||    10
  Eat: Chunk             |       |    15 |    23 |     9 ||    47
